 Dungeon Crawl Stone Soup version 0.26.1-11-gd32895ea62 (webtiles) character file.

Game seed: 5032865879849749369

2395 Almogavar the Slinger (level 9, -6/73 HPs)
             Began as a Barachi Berserker on May 6, 2021.
             Was a High Priest of Trog.
             Mangled by lasso's ghost (11 damage)
             ... on level 7 of the Dungeon.
             The game lasted 00:21:14 (9187 turns).

Almogavar the Slinger (Barachi Berserker)           Turns: 9187, Time: 00:21:14

Health: -6/73      AC:  8    Str: 22    XL:     9   Next: 46%
Magic:  9/9        EV: 13    Int:  8    God:    Trog [*****.]
Gold:   452        SH:  0    Dex: 11    Spells: 8/8 levels left

rFire    . . .     SeeInvis .   a - +0 falchion
rCold    . . .     Faith    .   (no shield)
rNeg     + . .     Spirit   .   d - +3 leather armour
rPois    .         Reflect  .   (no helmet)
rElec    .         Harm     .   (no cloak)
rCorr    .         Rampage  .   (no gloves)
Will     .....                  y - +0 pair of boots
Stlth    +.........             (no amulet)
HPRegen  0.22/turn              k - ring of flight
MPRegen  0.11/turn              q - ring of positive energy

@: can't hop, berserk cooldown, slowed, very slow
A: +LOS, swims, slowness 1, strong legs 1
a: Hop, Renounce Religion, Evoke Flight, Berserk, Trog's Hand, Brothers in Arms


You were on level 7 of the Dungeon.
You worshipped Trog.
Trog was extremely pleased with you.
You visited 1 branch of the dungeon, and saw 7 of its levels.
You also visited: Ossuary.

You collected 452 gold pieces.

Inventory:

Hand Weapons
 a - a +0 falchion (weapon)
 o - a +0 flail of venom
 w - a +5 hunting sling
Missiles
 j - 327 stones
Armour
 d - a +3 leather armour (worn)
 g - a +0 buckler
 u - a +0 scale mail
 x - a +0 chain mail
 y - a +0 pair of boots (worn)
Jewellery
 k - a ring of flight (left hand)
 q - a ring of positive energy (right hand)
Wands
 p - a wand of acid (9)
 G - a wand of random effects (20)
Scrolls
 c - a scroll of identify
 e - a scroll of fog {unknown}
 h - 7 scrolls of teleportation
 m - 2 scrolls of fear
 r - a scroll of immolation {unknown}
 s - a scroll of magic mapping {unknown}
 t - 2 scrolls of enchant armour {unknown}
 v - a scroll of enchant weapon
 z - 2 scrolls of remove curse {unknown}
 E - 2 scrolls of amnesia {unknown}
 H - a scroll of blinking {unknown}
Potions
 b - 4 potions of lignification
 f - 3 potions of curing
 i - a potion of cancellation {unknown}
 l - 2 potions of heal wounds {unknown}
 n - 2 potions of might {unknown}
 A - a potion of resistance {unknown}
 B - a potion of flight {unknown}
 C - a potion of berserk rage {unknown}
 D - a potion of degeneration {unknown}
 F - a potion of attraction {unknown}


   Skills:
 + Level 7.6 Fighting
 + Level 6.4 Long Blades
 + Level 8.4 Slings
 + Level 5.6 Armour
 + Level 4.3 Dodging


You had 8 spell levels left.
You didn't know any spells.
Your spell library was empty.

Dungeon Overview and Level Annotations

Branches:
Dungeon (7/15)             Temple (0/1) D:4         Ossuary (visited)

Altars:
Ashenzari
Dithmenos
Gozag
Makhleb
Qazlal
Sif Muna
Trog
Uskayaw
Wu Jian
Xom

Shops:
D:6 *

Annotations:
D:7 lasso's ghost, novice MiFi


Innate Abilities, Weirdness & Mutations

You can be seen from farther away. (+LOS)
You can swim through water.
You cover ground slowly.
You can hop short distances.


Message History

Lasso's ghost hits you!
You feel sick.
Lasso's ghost hits you but does no damage.
You feel sick.
You are no longer poisoned.
Lasso's ghost hits you.
* * * LOW HITPOINT WARNING * * *
Lasso's ghost hits you!
* * * LOW HITPOINT WARNING * * *
You feel better. Lasso's ghost completely misses you.
Your legs are too worn out to hop.
As you read the scroll of fear, it crumbles to dust.
You assume a fearsome visage.
Lasso's ghost is unaffected.
Lasso's ghost hits you.
* * * LOW HITPOINT WARNING * * *
Lasso's ghost hits you but does no damage.
Lasso's ghost hits you.
* * * LOW HITPOINT WARNING * * *
Lasso's ghost hits you!
You die...

.....## ##........##...# #
......## ##.....####...# ###
.......#####..### #)..# ####..
............########)..#####...##
.....)...........#..)...#....###
.........####.......).....####
.........## ####..........#
..........# #.W.........#
..........# #.@.........#
.........## ##..........#
......#### ##........## ....###
###....### ..### #..#### ..# #.[#
.## #.## .## #### #### ..####
##..#########..##


You could see lasso's ghost.

Vanquished Creatures
  An orc warrior (D:7)
  A black bear (D:5)
  An ogre (D:7)
  A phantom (D:5)
  2 sky beasts
  A centaur (D:7)
  4 bullfrogs
  A scorpion (D:7)
  4 killer bees (D:7)
  4 howler monkeys (D:7)
  A human zombie (Ossuary)
  3 hounds
  2 bullfrog zombies
  2 centaur zombies (Ossuary)
  4 orc wizards
  3 orc priests
  A bullfrog skeleton (D:4)
  5 worker ants
  An iguana (D:4)
  A killer bee zombie (D:7)
  3 ogre zombies (Ossuary)
  A hound skeleton (D:6)
  7 mummies (Ossuary)
  13 gnolls
  7 adders
  A shadow imp (D:6)
  5 adder zombies (Ossuary)
  2 worms
  2 dart slugs (D:1)
  2 leopard geckos (D:5)
  14 orcs
  9 giant cockroaches
  9 hobgoblins
  13 jackals
  9 kobolds
  4 quokkas
  7 bats
  7 frilled lizards
  12 goblins
  4 goblin zombies (Ossuary)
  4 hobgoblin zombies (Ossuary)
  A jackal skeleton (D:4)
  7 kobold zombies (Ossuary)
  2 quokka zombies (Ossuary)
  7 rats
  2 rat zombies (Ossuary)
197 creatures vanquished.

Notes
Turn   | Place    | Note
-------+----------+-------------------------------------------
     0 | D:1      | Almogavar the Barachi Berserker began the quest for the
                  | Orb.
     0 | D:1      | Reached XP level 1. HP: 18/18 MP: 1/1
   107 | D:1      | Reached XP level 2. HP: 11/25 MP: 2/2
   659 | D:1      | Reached XP level 3. HP: 30/30 MP: 3/3
  1113 | D:2      | Reached ** piety under Trog
  1135 | D:2      | Reached skill level 1 in Slings
  1390 | D:2      | Reached XP level 4. HP: 37/37 MP: 4/4
  1735 | D:2      | Reached skill level 2 in Slings
  1865 | D:2      | Found a bloodstained altar of Trog.
  2217 | D:3      | Reached XP level 5. HP: 33/43 MP: 5/5
  2348 | D:3      | Reached skill level 3 in Slings
  3048 | D:3      | Reached *** piety under Trog
  3691 | D:4      | Found a staircase to the Ecumenical Temple.
  3782 | D:4      | Reached XP level 6. HP: 38/49 MP: 6/6
  4199 | D:5      | Entered Level 5 of the Dungeon
  4285 | D:5      | Reached skill level 5 in Long Blades
  4296 | D:5      | Reached skill level 4 in Slings
  4427 | D:5      | Reached skill level 5 in Fighting
  4430 | D:5      | Reached XP level 7. HP: 56/56 MP: 7/7
  4808 | D:5      | Found a sand-covered staircase.
  4818 | Ossuary  | Entered an ossuary
  4828 | Ossuary  | Reached skill level 5 in Slings
  5227 | Ossuary  | Reached **** piety under Trog
  5339 | Ossuary  | Reached skill level 6 in Slings
  5633 | D:5      | Reached XP level 8. HP: 23/64 MP: 8/8
  6397 | D:6      | Found a bloodstained altar of Trog.
  6412 | D:6      | Found Raloteage's Assorted Antiques.
  6526 | D:6      | Reached skill level 7 in Slings
  6530 | D:6      | Found a shimmering altar of Xom.
  6532 | D:6      | Found a hide-covered altar of Uskayaw.
  6707 | D:6      | Found a shadowy altar of Dithmenos.
  6710 | D:6      | Found a stormy altar of Qazlal.
  6711 | D:6      | Found a broken altar of Ashenzari.
  6791 | D:6      | Found a hide-covered altar of Uskayaw.
  7068 | D:6      | Found an opulent altar of Gozag.
  7275 | D:7      | Found a runed translucent gate.
  7275 | D:7      | Found an opulent altar of Gozag.
  7276 | D:7      | Found a runed translucent gate.
  7276 | D:7      | Found a runed translucent gate.
  7276 | D:7      | Noticed lasso's ghost (novice MiFi)
  7322 | D:7      | Found a burning altar of Makhleb.
  7446 | D:7      | Reached skill level 5 in Armour
  7446 | D:7      | Reached XP level 9. HP: 48/71 MP: 9/9
  7865 | D:7      | Reached skill level 8 in Slings
  8181 | D:7      | Reached ***** piety under Trog
  8367 | D:7      | Found a shimmering blue altar of Sif Muna.
  8513 | D:7      | Identified Sif Muna's Compendium of the Snowflakes
  8651 | D:7      | Found an ornate altar of the Wu Jian Council.
  9187 | D:7      | Mangled by lasso's ghost

Illustrated notes

Levels and vault maps discovered:
D:1:      mrwooster_arrival_statue, layout_loops_ring, minmay_3d_cube
D:2:      layout_loops_cross, hangedman_decor_riveting, trog_hazing_becter
D:3:      layout_basic, minmay_misc_feat_doors, chequers_serial_rivers_small_b
D:4:      layout_loops_ring, temple_hall, bh_walls_and_bars
D:5:      black_bear_nest_2, layout_loops_corners, portal_sewer_entry_b,
          lightli_ossuary_entry_decrepit_ruins
D:6:      layout_gridville, bloody_trog, nicolae_gozag_seed_capital, minitemple,
          chequers_temple_overflow_statue_of_worship, basic_altar, serial_shops,
          nicolae_shop_overgrown_old_shop, chequers_mini_garden
D:7:      layout_cave_pods, old_standard_altar, bloody_makhleb,
          ebering_ghost_gozag, led_sif_book

Skill      XL: |  1  2  3  4  5  6  7  8  9 |
---------------+----------------------------+-----
Long Blades    | 4 5 6 |  6.4
Fighting       | 4 5 6 7 |  7.6
Slings         | 1 2 3 4 6 7 8 |  8.4
Armour         | 3 4 5 |  5.6
Dodging        | 3 4 |  4.3

Action                   |  1- 3 |  4- 6 |  7- 9 || total
-------------------------+-------+-------+-------++-------
Melee: Falchion          |    43 |    74 |   146 ||   263
 Fire: Hunting sling     |    47 |   118 |   316 ||   481
Invok: Berserk           |     2 |     1 |     4 ||     7
       Trog's Hand       |       |       |     2 ||     2
 Abil: Hop               |       |       |     1 ||     1
       Evoke Flight      |       |       |     1 ||     1
  Use: Scroll            |       |     3 |     5 ||     8
       Potion            |       |       |     2 ||     2
Armor: Animal skin       |     7 |       |       ||     7
       Ring mail         |     7 |    40 |    54 ||   101
       Leather armour    |       |       |     9 ||     9
Dodge: Dodged            |    35 |    68 |   159 ||   262
       Rpst.: Falchion   |    11 |    16 |    28 ||    55
